 Dungeon Crawl Stone Soup version 0.31-a0-112-gdf0485fa37 (webtiles) character file.

Game seed: 16089692631020379412

33737 BlueFish the Fighter (level 13, -2/116 HPs)
             Began as a Yellow Draconian Artificer on May 29, 2023.
             Was a Priest of the Shining One.
             Slain by a yak (6 damage)
             ... on level 1 of the Lair of Beasts.
             The game lasted 00:44:12 (18973 turns).

BlueFish the Fighter (Yellow Draconian Artificer)  Turns: 18973, Time: 00:44:13

Health: -2/116     AC: 12    Str: 16    XL:     13   Next: 38%
Magic:  18/18      EV: 18    Int: 19    God:    the Shining One [***...]
Gold:   841        SH:  5    Dex: 22    Spells: 5/16 levels left

rFire   . .          .
                       - Unarmed
rCold   . . .        (no shield)
rNeg    + . .        (body armour unavailable)
rPois   .            (helmet restricted)
rElec   .            A - +0 cloak
rCorr   +            l - +1 pair of gloves
SInv    +            q - +0 pair of boots
Will    .....        i - amulet "Gokking" {Reflect Int+4 Dex+4 SH+5}
Stlth   ++           B - +6 ring of dexterity
HPRegen 0.39/turn    r - ring of see invisible
MPRegen 0.16/turn

%: reflection
@: short of breath, glowing, studying Conjurations
A: spit acid, AC +8, unfitting armour, cold-blooded, acid resistance
a: Breathe Acid, Renounce Religion, Divine Shield, Cleansing Flame


You were on level 1 of the Lair of Beasts.
You worshipped the Shining One.
The Shining One was most pleased with you.
You visited 3 branches of the dungeon, and saw 14 of its levels.

You collected 841 gold pieces.

Inventory:

Armour
 l - a +1 pair of gloves (worn)
 q - a +0 pair of boots (worn)
 A - a +0 cloak (worn)
Jewellery
 g - a ring of wizardry
 h - an amulet of guardian spirit
 i - the amulet "Gokking" (around neck) {Reflect Int+4 Dex+4 SH+5}
   (You found it on level 2 of the Dungeon)

   [amulet of reflection]

   It reflects blocked missile attacks.
   Int:       It affects your intelligence (+4).
   Dex:       It affects your dexterity (+4).
   SH:        It affects your SH (+5).
 m - a ring of protection from cold
 r - a ring of see invisible (right hand)
 t - a ring of willpower
 u - a ring of wizardry
 B - a +6 ring of dexterity (left hand)
Wands
 b - a wand of flame (10) (quivered)
 c - a wand of charming (13)
 d - a wand of iceblast (12)
 j - a wand of mindburst (7)
 z - a wand of paralysis (5)
 G - a wand of acid (5)
Scrolls
 e - 2 scrolls of amnesia
 f - 4 scrolls of immolation
 s - 3 scrolls of magic mapping
 v - 4 scrolls of teleportation
 w - a scroll of fear {unknown}
 y - 2 scrolls of blinking
 C - a scroll of butterflies {unknown}
 D - a scroll of enchant armour {unknown}
 E - 2 scrolls of enchant weapon
Potions
 a - 2 potions of attraction
 k - 2 potions of mutation
 n - 2 potions of enlightenment
 o - a potion of ambrosia
 p - 2 potions of invisibility
 x - 5 potions of curing
 F - a potion of brilliance


   Skills:
 * Level 11.5 Fighting
 + Level 7.7 Dodging
 + Level 8.2 Stealth
 * Level 10.1 Unarmed Combat
 + Level 2.3 Spellcasting
 * Level 10.4 Conjurations
 * Level 3.6 Transmutations
 * Level 4.3 Earth Magic
 * Level 7.4 Invocations
 + Level 8.5 Evocations


You had 5 spell levels left.
You knew the following spells:

 Your Spells              Type           Power      Damage    Failure   Level
a - Leda's Unmaking       Conj/Erth      15%        9d3       77%         6
b - Blade Hands           Tmut           8%         N/A       69%         5

Your spell library contained the following spells:

 Spells                   Type           Power      Damage    Failure   Level
 Kiss of Death            Conj/Necr      84%        2d11      1%          1
 Sting                    Tmut/Pois      36%        1d4       8%          1
 Freeze                   Ice            8%         1d3       17%         1
 Summon Small Mammal      Summ           8%         N/A       17%         1
 Spider Form              Tmut/Pois      9%         N/A       24%         3
 Ensorcelled Hibernation  Hex/Ice        4%         N/A       26%         2
 Poisonous Vapours        Pois/Air       4%         N/A       26%         2
 Irradiate                Conj/Tmut      14%        3d16      26%         5
 Petrify                  Tmut/Erth      17%        N/A       30%         4
 Call Canine Familiar     Summ           2%         N/A       45%         3
 Confusing Touch          Hex            2%         N/A       45%         3
 Inner Flame              Hex/Fire       2%         N/A       45%         3
 Summon Guardian Golem    Hex/Summ       2%         N/A       45%         3
 Leda's Liquefaction      Hex/Erth       5%         N/A       54%         4
 Lee's Rapid Deconstruct  Erth           9%         3d7*      58%         5
 Anguish                  Hex/Necr       1%         N/A       86%         4
 Dispel Undead            Necr           2%         3d7       86%         4
 Olgreb's Toxic Radiance  Pois           2%         N/A       86%         4
 Borgnjor's Vile Clutch   Necr/Erth      5%         N/A       88%         5
 Alistair's Intoxication  Tmut/Pois      6%         N/A       91%         5
 Yara's Violent Unravell  Hex/Tmut       4%         3d4       91%         5
 Metabolic Englaciation   Hex/Ice        1%         N/A       99%         5
 Statue Form              Tmut/Erth      11%        N/A       99%         6
 Eringya's Noxious Bog    Tmut/Pois      4%         N/A       100%        6
 Dragon Form              Tmut           8%         N/A       100%        7
 Enfeeble                 Hex            1%         N/A       100%        7


Dungeon Overview and Level Annotations

Branches:
Dungeon (11/15)            Temple (1/1) D:7            Lair (2/5) D:8
  Swamp (0/4) Lair:2        Snake (0/4) Lair:2          Orc (0/2) D:11

Altars:
Ashenzari
Cheibriados
Dithmenos
Elyvilon
Fedhas
Gozag
Hepliaklqana
Kikubaaqudgha
Makhleb
Nemelex Xobeh
Okawaru
Qazlal
Ru
Sif Muna
Trog
Uskayaw
Vehumet
Wu Jian
Xom
Yredelemnul
Zin
The Shining One

Annotations:
D:5 2 transporters, Esekla's ghost, amateur OpDe


Innate Abilities, Weirdness & Mutations

You can spit globs of acid.
Your golden yellow scales are hard. (AC +8)
You cannot fit into any form of body armour.
You are cold-blooded and may be slowed by cold attacks.
You are resistant to acid. (rCorr)


Message History

The death yak closely misses you. The yak misses you.
You punch the death yak! You tail-slap the death yak. You punch the death yak!
The death yak is heavily wounded.
The death yak gores you. The yak gores you!
You completely miss the death yak.
The death yak is heavily wounded.
You punch the death yak!
The death yak is heavily wounded.
The death yak gores you. The yak gores you but does no damage.
You punch the death yak!
The death yak is almost dead.
The death yak gores you. The yak barely misses you.
You punch the death yak!
The death yak is almost dead.
The death yak barely misses you. The yak closely misses you.
You hit the death yak but do no damage.
You tail-slap the death yak, but do no damage.
The death yak is almost dead.
The death yak gores you!
* * * LOW HITPOINT WARNING * * *
The yak barely misses you.
You punch the death yak!
You kill the death yak!
You hit the yak but do no damage.
The yak is lightly wounded.
The yak gores you!
* * * LOW HITPOINT WARNING * * *
You hit the yak.
You tail-slap the yak, but do no damage.
The yak is lightly wounded.
The yak gores you!
* * * LOW HITPOINT WARNING * * *
You punch the yak!
The yak is moderately wounded.
You block the yak's attack.
Okay, then.
You punch the yak!
The yak is severely wounded.
The yak gores you.
You die...

...#.....#..##.................'.
...#...###..##.................##
..##...#.....#...................
..##.###.#...#...................
..##.#....##.#...................
...#...#P..#.....................
...#...#(.####...................
...#..P#..#..#.Y>†..............#
......##..#..#..@######.###.....#
...#..#####..#...######÷###.....#
...#...###...#...#.......##......
...##........#...........##.....#
....##.##..###....#......#......#
....######.#.....##.............#
...##............##......##.....#
.................####.###.......#
.................##.#.##.##.....#


You could see a yak.

Vanquished Creatures
  A fire giant (D:10)
  2 hydras
  Erolcha (D:11)
  3 centaur warriors
  An ogre mage (D:10)
  3 two-headed ogres
  A boulder beetle (D:7)
  A death yak (Lair:1)
  Nergalle (D:10)
  Amaemon (D:11)
  2 orc knights (D:11)
  2 ugly things (D:11)
  A cyclops (D:11)
  3 manticores (D:11)
  2 black mambas (Lair:2)
  An orange demon (D:11)
  A cane toad (Lair:2)
  2 unseen horrors
  2 rime drakes
  4 komodo dragons (Lair:1)
  A troll (D:11)
  Grinder (D:3)
  8 blink frogs
  A dream sheep (shapeshifter) (D:10)
  2 hornets
  Sigmund (D:5)
  A wraith (D:9)
  A shadow (D:11)
  36 yaks
  A vampire (D:11)
  9 wyverns
  Eustachio (D:4)
  4 basilisks
  A vampire mosquito (D:11)
  Menkaure (D:7)
  Edmund (D:6)
  2 acid dragons
  A water moccasin (shapeshifter) (D:10)
  14 water moccasins
  10 orc warriors
  2 ice beasts
  A sky beast (D:7)
  An ogre (D:7)
  2 centaurs
  5 kobold brigands
  Blork the orc (D:5)
  5 bullfrogs
  4 gnoll sergeants
  5 scorpions
  4 wights
  13 killer bees
  3 howler monkeys (D:9)
  5 orc priests
  5 hounds
  Crazy Yiuf (D:5)
  2 gnoll boudas
  11 iguanas
  A sleepcap (D:5)
  Ijyb (D:4)
  7 orc wizards
  Robin (D:2)
  3 adders (D:3)
  33 gnolls
  3 white imps
  3 worms
  4 dart slugs
  78 orcs
  9 ball pythons
  4 bats
  9 endoplasms
  5 giant cockroaches
  18 goblins
  9 hobgoblins
  19 jackals
  9 quokkas
  3 frilled lizards (D:1)
  24 kobolds
  7 rats
452 creatures vanquished.

Vanquished Creatures (collateral kills)
  A deep elf pyromancer (D:11)
  A cyclops (D:11)
  An orc warrior (D:11)
  An orc wizard (D:11)
  A goblin (D:4)
5 creatures vanquished.

Grand Total: 457 creatures vanquished

Notes
Turn   | Place    | Note
-------+----------+-------------------------------------------
     0 | D:1      | BlueFish the Draconian Artificer began the quest for the
                  | Orb.
     0 | D:1      | Reached XP level 1. HP: 16/16 MP: 1/1
    65 | D:1      | Reached skill level 1 in Stealth
   177 | D:1      | Reached XP level 2. HP: 18/23 MP: 2/2
   463 | D:1      | Reached XP level 3. HP: 29/29 MP: 3/3
  1078 | D:2      | Reached skill level 2 in Fighting
  1263 | D:2      | Identified the amulet "Gokking" {Reflect Int+4 Dex+4 SH+5}
  1596 | D:2      | Noticed Robin
  1615 | D:2      | Reached XP level 4. HP: 36/36 MP: 4/4
  1644 | D:2      | Killed Robin
  2023 | D:3      | Found a shimmering altar of Xom.
  2044 | D:3      | Found a hazy altar of Hepliaklqana.
  2047 | D:3      | Found an opulent altar of Gozag.
  2047 | D:3      | Found an ancient bone altar of Kikubaaqudgha.
  2100 | D:3      | Noticed Grinder
  2124 | D:3      | Killed Grinder
  2125 | D:3      | Reached skill level 3 in Fighting
  2125 | D:3      | Reached XP level 5. HP: 36/45 MP: 5/5
  2125 | D:3      | Reached XP level 6. HP: 41/51 MP: 6/6
  3087 | D:4      | Noticed Ijyb
  3313 | D:4      | Found a basalt altar of Yredelemnul.
  3341 | D:4      | Noticed a wyvern
  3425 | D:4      | Noticed Eustachio
  3467 | D:4      | Killed Eustachio
  3468 | D:4      | Reached skill level 4 in Fighting
  3468 | D:4      | Your scales start taking on a golden yellow colour.
  3468 | D:4      | Reached XP level 7. HP: 24/59 MP: 7/7
  3468 | D:4      | Gained mutation: You are resistant to acid. (rCorr) [Yellow
                  | Draconian growth]
  3819 | D:4      | Found a white marble altar of Elyvilon.
  3893 | D:4      | Killed Ijyb
  3997 | D:4      | Reached skill level 1 in Unarmed Combat
  4264 | D:4      | Killed a wyvern
  4265 | D:4      | Reached skill level 5 in Evocations
  4902 | D:4      | Reached skill level 5 in Fighting
  4902 | D:4      | Reached XP level 8. HP: 64/68 MP: 8/8
  5294 | D:5      | Entered Level 5 of the Dungeon
  5512 | D:5      | Noticed Sigmund
  5543 | D:5      | Killed Sigmund
  5659 | D:5      | Found a transporter.
  5819 | D:5      | Found a transporter.
  5840 | D:5      | Noticed Esekla's ghost (amateur OpDe)
  5902 | D:5      | Reached skill level 6 in Fighting
  5987 | D:5      | Noticed Blork the orc
  6000 | D:5      | Killed Blork the orc
  6005 | D:5      | Reached skill level 5 in Stealth
  6160 | D:5      | Found a runed translucent door.
  6161 | D:5      | Noticed Crazy Yiuf
  6167 | D:5      | Killed Crazy Yiuf
  6301 | D:6      | Reached skill level 5 in Dodging
  6770 | D:6      | Noticed Edmund
  6776 | D:6      | Killed Edmund
  6777 | D:6      | Reached XP level 9. HP: 78/78 MP: 9/9
  7364 | D:7      | Found a staircase to the Ecumenical Temple.
  7374 | Temple   | Entered the Ecumenical Temple
  7441 | Temple   | Became a worshipper of the Shining One
  7549 | D:7      | Reached skill level 5 in Unarmed Combat
  7793 | D:7      | Reached skill level 1 in Invocations
  7834 | D:7      | Noticed Menkaure
  7839 | D:7      | Killed Menkaure
  7840 | D:7      | Reached skill level 7 in Fighting
  8353 | D:7      | Found a bloodstained altar of Trog.
  8406 | D:7      | Found a shimmering blue altar of Sif Muna.
  8414 | D:7      | Got Sif Muna's Elucidation of Twisted Hail
  8511 | D:7      | Noticed a boulder beetle
  8605 | D:7      | Killed a boulder beetle
  8606 | D:7      | Reached skill level 8 in Fighting
  8606 | D:7      | Reached XP level 10. HP: 16/88 MP: 10/12
  9098 | D:8      | Reached * piety under the Shining One
  9451 | D:7      | Reached skill level 1 in Conjurations
 10045 | D:8      | Reached ** piety under the Shining One
 10127 | D:8      | Found a staircase to the Lair.
 10163 | D:8      | Reached skill level 9 in Fighting
 10526 | D:8      | Reached XP level 11. HP: 63/97 MP: 14/14
 10540 | D:8      | Reached skill level 5 in Conjurations
 11571 | D:9      | Identified the +4 mace of World's End {holy, Contam Str+4
                  | Dex+3}
 11571 | D:9      | Noticed a centaur warrior
 11582 | D:9      | Killed a centaur warrior
 11758 | D:9      | Found an ornate altar of the Wu Jian Council.
 11944 | D:9      | Found a hide-covered altar of Uskayaw.
 11959 | D:10     | Entered Level 10 of the Dungeon
 11960 | D:10     | Noticed Nergalle
 11985 | D:10     | Killed Nergalle
 12195 | D:10     | Found a runed translucent door.
 12195 | D:10     | Noticed a centaur warrior
 12204 | D:10     | Killed a centaur warrior
 12205 | D:10     | Reached skill level 10 in Fighting
 12205 | D:10     | Reached skill level 5 in Invocations
 12272 | D:10     | Noticed a centaur warrior
 12281 | D:10     | Killed a centaur warrior
 12382 | D:10     | Noticed an ogre mage
 12387 | D:10     | Paralysed by an ogre mage for 4 turns
 12394 | D:10     | Killed an ogre mage
 12475 | D:10     | Noticed a fire giant
 12490 | D:10     | Killed a fire giant
 12596 | D:10     | Identified the +10 mace of the Tundras {freeze, Int+2}
 12696 | D:10     | Noticed a two-headed ogre
 12703 | D:10     | Killed a two-headed ogre
 12812 | D:10     | Identified the +10 long sword of the Usurping Gods {heavy,
                  | rPois rC+ Str+4}
 12831 | D:10     | Reached XP level 12. HP: 106/107 MP: 16/16
 13265 | D:11     | Learned a level 6 spell: Leda's Unmaking
 13295 | D:11     | Found a staircase to the Orcish Mines.
 13326 | D:11     | Reached *** piety under the Shining One
 13463 | D:11     | Reached skill level 1 in Earth Magic
 13980 | D:11     | Noticed a two-headed ogre
 13990 | D:11     | Killed a two-headed ogre
 14315 | D:11     | Learned a level 5 spell: Blade Hands
 14317 | D:11     | Noticed Amaemon
 14338 | D:11     | Killed Amaemon
 14436 | D:11     | Noticed Erolcha
 14451 | D:11     | Killed Erolcha
 14452 | D:11     | Reached skill level 1 in Transmutations
 14769 | D:11     | Reached skill level 11 in Fighting
 14769 | D:11     | Reached skill level 1 in Spellcasting
 15000 | D:11     | Noticed a two-headed ogre
 15411 | D:11     | Killed a two-headed ogre
 16044 | Lair:1   | Entered Level 1 of the Lair of Beasts
 16191 | Lair:1   | Identified the +6 long sword of Destiny {holy, Drain rN++
                  | Will+ Stlth+}
 16852 | Lair:1   | Noticed a four-headed hydra
 16903 | Lair:1   | Reached XP level 13. HP: 100/116 MP: 18/18
 17626 | Lair:2   | Reached skill level 10 in Conjurations
 17748 | Lair:2   | Found a staircase to the Snake Pit.
 18165 | Lair:2   | Reached skill level 10 in Unarmed Combat
 18645 | Lair:2   | Found a staircase to the Swamp.
 18971 | Lair:1   | HP: 3/116 [yak (10)]
 18973 | Lair:1   | Slain by a yak

Illustrated notes

Levels and vault maps discovered:
D:1:      pf_arrival_petrified_forest, layout_basic, columned_hall_lemuel,
          grunt_decor_arrowhead, minmay_3d_cube
D:2:      layout_loops_ring, uniq_robin
D:3:      layout_basic, grunt_temple_overflow_open, minmay_joined_circles,
          uniq_grinder
D:4:      lemuel_castle_with_subvaults [lemuel_castle_interior_carwin_1],
          layout_gridville, kennysheep_ying_yang, grunt_decor_junction,
          uniq_ijyb, uniq_eustachio
D:5:      layout_rooms, gammafunk_ghost_stat_death, kennysheep_cluttered_room,
          grunt_ministairs_15, uniq_sigmund, uniq_blork_the_orc,
          uniq_crazy_yiuf_cottage
D:6:      layout_basic, hangedman_abyss_or_decor_passed, kennysheep_dice,
          uniq_edmund
D:7:      layout_loops_ring, nzn_overflow_gifts_of_might_and_magic,
          minmay_temple_entry_statues_pillars, minmay_manual_mullet,
          uniq_menkaure
D:8:      layout_rooms, minmay_lair_entry_grove, serial_glass, glass_columns_a,
          glass_columns_b, minmay_strange_pillars, minmay_strange_pillars,
          item_on_display_a
D:9:      layout_basic, old_standard_altar, kennysheep_mini_moat,
          kennysheep_just_a_vault
D:10:     layout_roguey, minivault_13, uniq_nergalle
D:11:     layout_irregular_city, david_orc_5, kennysheep_kite_vault,
          uniq_erolcha, uniq_amaemon
Temple:   hellmonk_temple_flake
Lair:1:   beast_lair_carwin_large_3, layout_regular_city
Lair:2:   layout_regular_city, swamp_mist_pool,
          minmay_snake_entry_six_corridors, serial_bayou_shore_a,
          infiniplex_staircase_pool_2, lemuel_fruit_tree

Skill      XL: |  1  2  3  4  5  6  7  8  9 10 11 12 13 |
---------------+----------------------------------------+-----
Stealth        | 1 2 3 4 5 6 7 8 |  8.2
Fighting       | 2 3 4 5 6 8 9 10 11 | 11.5
Dodging        | 3 4 5 6 7 |  7.7
Evocations     | 4 5 6 7 8 |  8.5
Unarmed Combat | 3 4 6 7 9 10 | 10.1
Invocations    | 2 4 5 6 7 |  7.4
Conjurations   | 4 8 9 10 | 10.4
Earth Magic    | 3 4 |  4.3
Transmutations | 2 3 |  3.6
Spellcasting   | 1 2 |  2.3

Action                     |  1- 3 |  4- 6 |  7- 9 | 10-12 | 13-15 || total
---------------------------+-------+-------+-------+-------+-------++-------
  Melee: Club              |    17 |       |       |       |       ||    17
         Dagger            |   143 |       |       |       |       ||   143
         Tailslap          |    29 |    31 |   134 |   212 |    52 ||   458
         Short sword       |    90 |   196 |   774 |    61 |       ||  1121
         Punch             |     1 |     2 |    27 |    75 |    22 ||   127
         Unarmed           |       |       |       |   792 |   191 ||   983
 Invoke: Divine Shield     |       |       |       |     3 |       ||     3
Ability: Breathe Acid      |       |       |    27 |    60 |     9 ||    96
  Evoke: Wand              |       |     6 |     7 |     1 |       ||    14
    Use: Potion            |       |     2 |     1 |       |     1 ||     4
         Scroll            |       |       |     6 |     7 |     2 ||    15
   Stab: Sleeping          |     2 |     5 |     8 |       |       ||    15
         Distracted        |       |     1 |     2 |       |       ||     3
 Armour: Skin              |    81 |    92 |   253 |   207 |    41 ||   674
  Dodge: Dodged            |   161 |   124 |   490 |   608 |   118 ||  1501
  Block: Other             |     2 |    50 |   194 |   174 |    25 ||   445
         Reflection        |       |       |     2 |     3 |     1 ||     6

Table legend: (Time is in decaauts)
 A = Elapsed time spent in this place.
 B = Non-inter-level travel time spent in this place.
 C = Inter-level travel time spent in this place.
 D = Time resting spent in this place.
 E = Time spent auto-exploring this place.
 F = Levels seen in this place.
 G = Mean time per level.
                   A        B        C        D        E       F      G
               +--------+--------+--------+--------+--------+-----+--------+
         Total |  18884 |  18376 |    508 |   1213 |  12401 |  14 | 1348.9 |
       Dungeon |  15841 |  15373 |    468 |   1202 |  10102 |  11 | 1440.1 |
        Temple |    155 |    145 |     10 |      0 |    125 |   1 |  155.0 |
          Lair |   2886 |   2856 |     30 |     11 |   2174 |   2 | 1443.0 |
               +--------+--------+--------+--------+--------+-----+--------+

Top non-repeatable levels by time:
    D:11: 2651 daAuts
     D:7: 2375 daAuts
     D:4: 1885 daAuts
     D:3: 1521 daAuts
  Lair:1: 1461 daAuts
  Lair:2: 1425 daAuts
    D:10: 1344 daAuts
     D:8: 1097 daAuts
     D:6: 1095 daAuts
     D:9: 1042 daAuts
     D:1: 990 daAuts
     D:5: 933 daAuts
     D:2: 903 daAuts
  Temple: 155 daAuts
